 Dungeon Crawl Stone Soup version 0.30-a0-591-g3c58d2bc28 (webtiles) character file.

Game seed: 13463674710512450193

625 oldmanjim the Shooter (level 7, -2/54 HPs)
             Began as a Barachi Hexslinger on Jan 6, 2023.
             Was an Initiate of Okawaru.
             Succumbed to a water moccasin's poison
             ... on level 5 of the Dungeon.
             The game lasted 00:20:10 (3922 turns).

oldmanjim the Shooter (Barachi Hexslinger)          Turns: 3922, Time: 00:20:10

Health: -2/54      AC:  4    Str: 12    XL:     7   Next: 47%
Magic:  10/11      EV: 12    Int: 13    God:    Okawaru [......]
Gold:   131        SH:  0    Dex: 14    Spells: 8/12 levels left

rFire   . . .      SeeInvis .    a - +1 sling
rCold   . . .      Faith    .    (no shield)
rNeg    . . .      Spirit   .    c - +0 robe
rPois   .          Reflect  .    (no helmet)
rElec   .          Harm     .    d - +0 cloak
rCorr   .          Rampage  .    k - +0 pair of gloves
Will    .....                    (no boots)
Stlth   +                        (no amulet)
HPRegen 0.29/turn                A - +4 ring of slaying
MPRegen 0.12/turn                z - +4 ring of slaying

@: lethally poisoned (-2 -> -17), attractive, slow
A: amphibious, slowness 1, strong legs 1, +LOS
a: Hop, Renounce Religion


You were on level 5 of the Dungeon.
You worshipped Okawaru.
Okawaru was noncommittal.
You visited 2 branches of the dungeon, and saw 6 of its levels.

You collected 131 gold pieces.

Inventory:

Hand Weapons
 a - a +1 sling (weapon)
 b - a +2 whip of venom
Missiles
 f - 44 stones
 x - 3 javelins
 D - 19 poisoned darts
 H - a boomerang
Armour
 c - a +0 robe (worn)
 d - a +0 cloak (worn)
 k - a +0 pair of gloves (worn)
 m - an orb of mayhem
 B - a +0 buckler
Jewellery
 i - a ring of positive energy
 z - a +4 ring of slaying (right hand)
 A - a +4 ring of slaying (left hand)
Wands
 l - a wand of light (4)
 I - a wand of flame (24)
Scrolls
 g - a scroll of fog {unknown}
 h - 2 scrolls of magic mapping
 n - 3 scrolls of blinking {unknown}
 q - 2 scrolls of immolation
 r - a scroll of torment {unknown}
 s - 3 scrolls of fear
 v - 2 scrolls of teleportation
 w - 3 scrolls of poison
 y - a scroll of enchant armour
 J - a scroll of vulnerability {unknown}
Potions
 e - a potion of might {unknown}
 j - a potion of heal wounds {unknown}
 o - 2 potions of brilliance
 p - a potion of attraction
 t - a potion of mutation {unknown}
 u - 2 potions of curing {unknown}
 C - a potion of magic {unknown}
 E - a potion of haste {unknown}
 F - a potion of degeneration {unknown}
 G - a potion of berserk rage {unknown}


   Skills:
 - Level 4.0 Fighting
 + Level 5.1 Ranged Weapons
 - Level 2.1 Dodging
 + Level 3.9 Shields
 - Level 3.0 Spellcasting
 - Level 3.2 Hexes
 - Level 2.0 Fire Magic


You had 8 spell levels left.
You knew the following spells:

 Your Spells              Type           Power      Damage    Failure   Level
a - Slow                  Hex            40%        N/A       6%          1
b - Inner Flame           Hex/Fire       8%         N/A       24%         3

Your spell library contained the following spells:

 Spells                   Type           Power      Damage    Failure   Level
 Freeze                   Ice            4%         1d3       22%         1
 Magic Dart               Conj           4%         1d3       22%         1
 Searing Ray              Conj           2%         2d4       34%         2
 Static Discharge         Conj/Air       2%         2-3/arc   34%         2
 Portal Projectile        Hex/Tloc       12%        N/A       34%         3
 Cause Fear               Hex            5%         N/A       52%         4
 Frozen Ramparts          Ice            2%         1d1       56%         3
 Hailstorm                Conj/Ice       1%         3d3       56%         3
 Vhi's Electric Charge    Tloc/Air       2%         N/A       56%         3
 Fulminant Prism          Conj/Hex       3%         3d5       75%         4
 Passage of Golubria      Tloc           1%         N/A       92%         4
 Silence                  Hex/Air        3%         N/A       97%         5
 Arcjolt                  Conj/Air       0%         1d10      99%         5
 Lightning Bolt           Conj/Air       0%         1d11      99%         5
 Lehudib's Crystal Spear  Conj/Erth      0%         10d2      100%        8


Dungeon Overview and Level Annotations

Branches:
Dungeon (5/15)             Temple (1/1) D:4

Altars:
Ashenzari
Gozag
Hepliaklqana
Kikubaaqudgha
Makhleb
Nemelex Xobeh
Okawaru
Qazlal
Sif Muna
Uskayaw
Vehumet
Yredelemnul
The Shining One

Shops:
D:1 =(([

Annotations:
D:4 Sigmund


Innate Abilities, Weirdness & Mutations

You are amphibious.
You cover ground slowly.
You can hop short distances.
You have an extended range of vision and can be seen from far away.


Message History

The sling bullet barely misses the water moccasin.
The water moccasin hisses angrily.
You shoot a sling bullet.
The sling bullet misses the water moccasin.
The water moccasin bites you. The water moccasin bites you!
You are poisoned.
The water moccasin poisons you!
You shoot a sling bullet.
The sling bullet completely misses the water moccasin.
You feel very sick. The water moccasin bites you!
You shoot a sling bullet.
The sling bullet misses the water moccasin.
You feel very sick.
The water moccasin bites you but does no damage. x2
You are too injured to fight recklessly!
You are too injured to fight recklessly!
You are too injured to fight recklessly!
Unknown command.
Fire: a) +1 sling
Press: ? - help, Q - select action, (/) - cycle Shift-Dir - straight line, f/p - water moccasin
Aim: a water moccasin (56% to hit)
You shoot a sling bullet.
The sling bullet hits the water moccasin.
The water moccasin is moderately wounded.
You feel sick. The water moccasin bites you!
Casting: Slow (safe; 6% risk of failure)
Confirm with . or Enter, or press ? or * to list all spells.
Aiming: Slow (safe; 6% risk of failure)
Press: ? - help, Shift-Dir - straight line, f/p - water moccasin
Aim: a water moccasin (moderately wounded, chance to affect: 44%)
The water moccasin resists with some effort.
You feel sick. The water moccasin bites you.
* * * LOW HITPOINT WARNING * * *
You are lethally poisoned!
The water moccasin poisons you! The water moccasin bites you!
* * * LOW HITPOINT WARNING * * *
It was a potion of attraction.
You feel attractive to monsters.
You die...

#.#.#.#.### #.#
#.#..<#.#.. .?#
###.#.#.#.#.# ..#
#.......#.#.# ..
......###.#.# /. #####.#
#.#.# .### #.# #.#.# ...
#.###.#.#####S#
#...........@.#
####.###.#...#.#.#
#......#.#...#.#.#
#.###....#...#.#.# #.#
##....<..#.#.#
#.####.#...).#...#
#[.......#)..)#########...
#..###.....#.)...........#
##..#
#######.#..######....


You could see a water moccasin.

Vanquished Creatures
  2 phantoms (D:4)
  A kobold brigand (D:5)
  An orc priest (D:4)
  A hound (D:5)
  A gnoll bouda (D:5)
  An iguana (D:5)
  An orc wizard (D:3)
  8 gnolls
  6 adders
  A white imp (D:5)
  An ufetubus (D:4)
  4 worms
  3 dart slugs
  9 orcs
  10 ball pythons
  8 bats
  5 endoplasms
  5 giant cockroaches
  4 hobgoblins
  14 kobolds
  8 quokkas
  4 frilled lizards
  10 goblins
  4 rats
112 creatures vanquished.

Notes
Turn   | Place    | Note
-------+----------+-------------------------------------------
     0 | D:1      | oldmanjim the Barachi Hexslinger began the quest for the
                  | Orb.
     0 | D:1      | Reached XP level 1. HP: 15/15 MP: 2/2
    42 | D:1      | Found Kamouch's Antique Weapon Shop.
   126 | D:1      | Reached XP level 2. HP: 3/22 MP: 2/4
   264 | D:1      | Found Apifirix's Jewellery Shop.
   407 | D:1      | Reached XP level 3. HP: 27/27 MP: 5/5
   409 | D:1      | Found Hozidy's Armour Boutique.
   665 | D:1      | Found Ohuviha's Antique Weapon Shop.
   696 | D:1      | Found a faded altar of an unknown god.
   900 | D:1      | Learned a level 3 spell: Inner Flame
  1164 | D:2      | Reached XP level 4. HP: 33/34 MP: 7/7
  1495 | D:3      | Reached skill level 1 in Fire Magic
  1610 | D:3      | Reached skill level 3 in Ranged Weapons
  1682 | D:3      | Reached XP level 5. HP: 18/41 MP: 8/8
  2503 | D:4      | Reached skill level 1 in Shields
  2746 | D:4      | Reached XP level 6. HP: 33/47 MP: 10/10
  2988 | D:4      | Noticed Sigmund
  3379 | D:4      | Reached skill level 4 in Ranged Weapons
  3424 | D:4      | Found a staircase to the Ecumenical Temple.
  3434 | Temple   | Entered the Ecumenical Temple
  3489 | Temple   | Became a worshipper of Warmaster Okawaru
  3550 | D:5      | Entered Level 5 of the Dungeon
  3607 | D:5      | Reached XP level 7. HP: 41/54 MP: 11/11
  3842 | D:5      | Reached skill level 5 in Ranged Weapons
  3921 | D:5      | HP: 2/54 [water moccasin (8)]
  3922 | D:5      | Succumbed to a water moccasin's poison

Illustrated notes

Levels and vault maps discovered:
D:1:      matt_arrival_grand_opening, layout_basic, serial_shops,
          nicolae_lakefront_shop, nicolae_shop_hallway_plus, shop,
          nicolae_shop_crystal, hellmonk_ecumenical_altar_heavens_door
D:2:      layout_loops_ring
D:3:      minmay_chambers_of_threes, layout_rooms
D:4:      layout_basic, temple_fountains, uniq_sigmund
D:5:      layout_basic, minmay_fractal_squares_diagonal_5, uniq_edmund
Temple:   cyrus_circular_temple

Skill      XL: |  1  2  3  4  5  6  7 |
---------------+----------------------+-----
Fighting       | 2 3 4 |  4.0
Spellcasting   | 2 3 |  3.0
Fire Magic     | 1 2 |  2.0
Ranged Weapons | 3 4 5 |  5.1
Shields        | 1 3 |  3.9
Dodging        | |  2.1
Hexes          | |  3.2

Action                   |  1- 3 |  4- 6 |  7- 9 || total
-------------------------+-------+-------+-------++-------
 Fire: Sling             |   123 |   197 |    44 ||   364
 Cast: Slow              |     1 |     6 |     9 ||    16
 Abil: Hop               |     1 |       |       ||     1
  Use: Scroll            |       |     6 |       ||     6
       Potion            |       |       |     1 ||     1
Armor: Robe              |    16 |    22 |     5 ||    43
Dodge: Dodged            |    30 |    45 |     9 ||    84

Table legend: (Time is in decaauts)
 A = Elapsed time spent in this place.
 B = Non-inter-level travel time spent in this place.
 C = Inter-level travel time spent in this place.
 D = Time resting spent in this place.
 E = Time spent auto-exploring this place.
 F = Levels seen in this place.
 G = Mean time per level.
                   A        B        C        D        E       F      G
               +--------+--------+--------+--------+--------+-----+--------+
         Total |   4498 |   4260 |    238 |    329 |   3080 |   6 |  749.7 |
       Dungeon |   4419 |   4209 |    210 |    329 |   3042 |   5 |  883.8 |
        Temple |     79 |     51 |     28 |      0 |     38 |   1 |   79.0 |
               +--------+--------+--------+--------+--------+-----+--------+

Top non-repeatable levels by time:
     D:3: 1196 daAuts
     D:4: 1080 daAuts
     D:1: 1033 daAuts
     D:2: 697 daAuts
     D:5: 411 daAuts
  Temple: 79 daAuts
